 Dungeon Crawl Stone Soup version 0.29-a0-676-ga64570c9d2 (webtiles) character file.

Game seed: 4495100150045019832

8698 spaghetti the Covert (level 11, -3/83 HPs)
             Began as a Gnoll Wanderer on June 21, 2022.
             Was an Initiate of Gozag.
             Slain by a vampire (10 damage)
             ... on level 9 of the Dungeon on June 25, 2022.
             The game lasted 00:26:53 (15351 turns).

spaghetti the Covert (Gnoll Wanderer)              Turns: 15351, Time: 00:26:54

Health: -3/83      AC: 11    Str: 18    XL:     11   Next: 34%
Magic:  0/20       EV: 13    Int: 12    God:    Gozag
Gold:   227        SH:  5    Dex: 10    Spells: 8/22 levels left

rFire   . . .      SeeInvis .   k - +6 dagger (venom) {short}
rCold   . . .      Faith    .   x - +0 buckler
rNeg    . . .      Spirit   +   e - +0 leather armour
rPois   .          Reflect  .   c - +2 helmet
rElec   .          Harm     .   (no cloak)
rCorr   .          Rampage  .   H - +0 pair of gloves
Will    .....                   j - +2 pair of boots "Xeutoff" {Str+5 Dex-4}
Stlth   ++++......              i - amulet of guardian spirit
HPRegen 0.23/turn               (no ring)
MPRegen 0.17/turn               (no ring)

@: no status effects
A: fangs 1, strong nose, distributed training
a: Renounce Religion, Potion Petition, Call Merchant, Bribe Branch


You were on level 9 of the Dungeon.
You worshipped Gozag.
Gozag was aware of your devotion.
You visited 2 branches of the dungeon, and saw 11 of its levels.

You collected 1846 gold pieces.
You spent 640 gold pieces at shops.
You paid 979 gold pieces to Gozag.


Innate Abilities, Weirdness & Mutations

You have very sharp teeth.
Your uncanny sense of smell can sniff out nearby items.
Your experience applies equally to all skills.


   Skills:
 + Level 6.8 Fighting
 + Level 6.2 Short Blades
 + Level 7.8 Long Blades
 + Level 6.8 Axes
 + Level 6.2 Maces & Flails
 + Level 6.2 Polearms
 + Level 6.2 Staves
 + Level 6.2 Slings
 + Level 6.2 Bows
 + Level 6.2 Crossbows
 + Level 6.2 Throwing
 + Level 6.8 Armour
 + Level 6.8 Dodging
 + Level 10.0 Stealth
 + Level 6.2 Shields
 + Level 6.2 Unarmed Combat
 + Level 6.2 Spellcasting
 + Level 5.1 Conjurations
 + Level 5.1 Hexes
 + Level 5.1 Summonings
 + Level 5.1 Necromancy
 + Level 5.1 Translocations
 + Level 5.1 Transmutations
 + Level 5.1 Fire Magic
 + Level 5.1 Ice Magic
 + Level 5.1 Air Magic
 + Level 5.1 Earth Magic
 + Level 5.1 Poison Magic
 + Level 6.8 Invocations
 + Level 6.2 Evocations


You had 8 spell levels left.
You knew the following spells:

 Your Spells              Type           Power      Damage    Failure   Level
a - Mephitic Cloud        Conj/Pois/Air  16%        N/A       10%         3
b - Ignite Poison         Fire/Tmut/Pois 16%        N/A       10%         3
c - Sticky Flame          Conj/Fire      16%        2d4       30%         4
d - Iskenderun's Mystic   Conj/Tloc      16%        2d5       30%         4

Your spell library contained the following spells:

 Spells                   Type           Power      Damage    Failure   Level
 Magic Dart               Conj           64%        1d6       3%          1
 Slow                     Hex            64%        N/A       3%          1
 Sting                    Tmut/Pois      64%        1d6       3%          1
 Call Imp                 Summ           16%        N/A       4%          2
 Static Discharge         Conj/Air       16%        N/A       4%          2
 Confusing Touch          Hex            16%        N/A       10%         3
 Conjure Flame            Conj/Fire      16%        6-21      10%         3
 Gell's Gravitas          Tloc           16%        N/A       10%         3
 Lesser Beckoning         Tloc           16%        N/A       10%         3
 Teleport Other           Tloc           16%        N/A       10%         3
 Vampiric Draining        Necr           16%        2d7       10%         3
 Cause Fear               Hex            8%         N/A       30%         4
 Dispel Undead            Necr           16%        3d10      30%         4
 Fulminant Prism          Conj/Hex       8%         3d7       30%         4
 Olgreb's Toxic Radiance  Pois           16%        N/A       30%         4
 Alistair's Intoxication  Tmut/Pois      10%        N/A       65%         5
 Lee's Rapid Deconstruct  Erth           8%         3d8*      65%         5
 Summon Forest            Summ/Tloc      8%         N/A       65%         5
 Summon Mana Viper        Hex/Summ       16%        N/A       65%         5
 Yara's Violent Unravell  Hex/Tmut       8%         3d5       65%         5
 Eringya's Noxious Bog    Tmut/Pois      8%         N/A       99%         6
 Summon Cactus Giant      Summ           8%         N/A       99%         6
 Dragon Form              Tmut           8%         N/A       100%        7
 Enfeeble                 Hex            8%         N/A       100%        7
 Dragon's Call            Summ           8%         N/A       100%        9

Inventory:

Hand Weapons
 k - a +6 dagger of venom (weapon) {short}
   (You took it off a goblin on level 1 of the Dungeon)
 D - a -3 eveningstar {macerare=g}
   (You found it on level 7 of the Dungeon)
Missiles
 d - 2 boomerangs {throwing}
 m - 12 poisoned darts {throwing}
 n - a boomerang of dispersal {=f!fthrowing}
 p - a throwing net {=f!fthrowing}
 q - 27 stones (quivered) {throwing}
 t - 2 silver javelins {throwing}
 E - a curare-tipped dart {=fthrowing}
Armour
 c - a +2 helmet (worn)
 e - a +0 leather armour (worn)
 j - the +2 pair of boots "Xeutoff" (worn) {Str+5 Dex-4}
   (You found it on level 5 of the Dungeon)

   Str:       It affects your strength (+5).
   Dex:       It affects your dexterity (-4).
 x - a +0 buckler (worn)
   (You found it on level 6 of the Dungeon)
 H - a +0 pair of gloves (worn)
   (You found it on level 8 of the Dungeon)
 I - the +1 leather armour of Dice, Bag, and Bottle {rElec Stlth+}
   (You found it on level 10 of the Dungeon)

   rElec:     It insulates you from electricity.
   Stlth:     It makes you more stealthy.
Magical Staves
 u - a staff of cold {!astaff}
   (You found it on level 6 of the Dungeon)
 z - a staff of fire {!astaff}
   (You acquired it on level 7 of the Dungeon)
Jewellery
 i - an amulet of guardian spirit (around neck)
   (You found it on level 5 of the Dungeon)
 r - an amulet of magic regeneration {@e2}
   (You found it on level 2 of the Dungeon)
 v - a ring of ice
   (You found it on level 6 of the Dungeon)
 C - a +6 ring of strength
   (You found it on level 7 of the Dungeon)
 F - an amulet of regeneration {@e2}
   (You took it off an orc on level 8 of the Dungeon)
Wands
 B - a wand of polymorph (4)
   (You found it on level 8 of the Dungeon)
Scrolls
 f - 2 scrolls of vulnerability {!r!r}
 g - a scroll of silence {!r}
 h - a scroll of poison {!r}
 o - a scroll of fog
 s - 3 scrolls of identify {@r1}
 w - a scroll of enchant weapon
 A - a scroll of torment {!r}
Potions
 a - a potion of degeneration {!q@e2}
 b - a potion of haste {@q3}

Dungeon Overview and Level Annotations

Branches:
Dungeon (10/15) Zot: 25342  Temple (1/1) D:4 Zot: 5716    Lair (0/6) D:8
    Orc (0/2) D:10

Altars:
Ashenzari
Cheibriados
Dithmenos
Elyvilon
Fedhas
Gozag
Hepliaklqana
Kikubaaqudgha
Makhleb
Nemelex Xobeh
Okawaru
Qazlal
Ru
Sif Muna
Trog
Uskayaw
Vehumet
Wu Jian
Xom
Yredelemnul
Zin
The Shining One

Shops:
D:3 [   D:8 *

Annotations:
D:3 Grinder
D:8 exclusions: 5 electric eels and 2 more exclusions
D:9 5 transporters

....#
##.........######.####..
..>..
.'.............##.#.....
.."##
#.............##.#.....
...#
#####..#......##.#.....
..# ##.#......##.##.#..
.# #.#########.##.### #
######..########.##.###
#.....{................
#....(@................
#......................
#......................
#......................
#......................
#......................
#......................
.
#...................$..
. .................


There were no monsters in sight!


Message History

You hit something but do no damage. 😕 HP[+1]
You hit something. Something hits you but does no damage.
Something bites you but does no damage.
You miss something. Something barely misses you.
Something bites you but does no damage. 😕 MP[+1]
Your mp is fully restored (20).
You hit something but do no damage. Something hits you but does no damage.
Something bites you.
Something draws strength from your injuries! 😕 HP[-4] MP[-2]
You take 4 damage, and now have 72/83 hp.
You lost 2 mp, and now have 18/20 mp.
You barely miss something. You hit something. You block something's attack.
Something bites you.
Something draws strength from your injuries! 😕 HP[-2]
You take 2 damage, and now have 70/83 hp.
You hit something but do no damage. Something hits you. Something bites you!
Something draws strength from your injuries! 😮 HP[-10] MP[-3]
You take 10 damage, and now have 60/83 hp.
You lost 3 mp, and now have 15/20 mp.
You hit something but do no damage. You closely miss something.
Something hits you!
You block something's attack. 😮 HP[-7] MP[-2]
You take 7 damage, and now have 53/83 hp.
You lost 2 mp, and now have 13/20 mp.
You hit something. Something hits you but does no damage. Something bites you!
Something draws strength from your injuries! 😮 HP[-7] MP[-2]
You take 7 damage, and now have 46/83 hp.
You lost 2 mp, and now have 11/20 mp.
You miss something. Your bite misses something. You closely miss something.
Something hits you but does no damage.
Something bites you but does no damage. 😮 MP[+1]
You completely miss something.
You hear some strange, mumbled words.
You are confused. 😮 HP[+1] Unknown command.
Unknown command.
Okay, then.
You closely miss something. You hit something but do no damage.
Something hits you!
* * * LOW HITPOINT WARNING * * *
Something bites you!
* * * LOW HITPOINT WARNING * * *
Something draws strength from your injuries! 😨 HP[-12] MP[-2]
You take 12 damage, and now have 35/83 hp.
You lost 2 mp, and now have 10/20 mp.
Something hits you but does no damage. Something bites you but does no damage.
You bump into the rock wall.
Something hits you.
* * * LOW HITPOINT WARNING * * *
Something bites you!
* * * LOW HITPOINT WARNING * * *
Something draws strength from your injuries! 😨 HP[-12] MP[-3]
You take 12 damage, and now have 23/83 hp.
You lost 3 mp, and now have 7/20 mp.
Unknown command.
You hit something but do no damage. Something hits you.
* * * LOW HITPOINT WARNING * * *
Something barely misses you. 😨 HP[-1]
You take 1 damage, and now have 22/83 hp.
You bump into the rock wall.
Something hits you.
* * * LOW HITPOINT WARNING * * *
Something bites you but does no damage. 😱 HP[-2] MP[-1]
You take 2 damage, and now have 20/83 hp.
You lost 1 mp, and now have 6/20 mp.
You barely miss something. Your bite misses something.
Something hits you but does no damage. Something bites you but does no damage.
You hit something but do no damage.
You feel less confused. Something hits you!
* * * LOW HITPOINT WARNING * * *
Something bites you.
* * * LOW HITPOINT WARNING * * *
Something draws strength from your injuries! 😱 HP[-10] MP[-3]
You take 10 damage, and now have 10/83 hp.
You lost 3 mp, and now have 3/20 mp.
Something hits you but does no damage. Something bites you.
* * * LOW HITPOINT WARNING * * *
Something draws strength from your injuries! 😱 HP[-3] MP[-2]
You take 3 damage, and now have 7/83 hp.
You lost 2 mp, and now have 1/20 mp.
Unknown command.
Unknown command.
Okay, then.
You hit something but do no damage. Something hits you but does no damage.
Something bites you!
You die...
Your body crumbles into a pile of gold.

Skill      XL: |  1  2  3  4  5  6  7  8  9 10 11 |
---------------+----------------------------------+-----
Invocations    | 1 2 3 4 5 6 |  6.8
Short Blades   | 1 2 3 4 5 6 |  6.2
Maces & Flails | 1 2 3 4 5 6 |  6.2
Polearms       | 1 2 3 4 5 6 |  6.2
Staves         | 1 2 3 4 5 6 |  6.2
Slings         | 1 2 3 4 5 6 |  6.2
Bows           | 1 2 3 4 5 6 |  6.2
Crossbows      | 1 2 3 4 5 6 |  6.2
Throwing       | 1 2 3 4 5 6 |  6.2
Shields        | 1 2 3 4 5 6 |  6.2
Unarmed Combat | 1 2 3 4 5 6 |  6.2
Spellcasting   | 1 2 3 4 5 6 |  6.2
Evocations     | 1 2 3 4 5 6 |  6.2
Fighting       | 3 4 5 6 |  6.8
Axes           | 3 4 5 6 |  6.8
Armour         | 3 4 5 6 |  6.8
Dodging        | 3 4 5 6 |  6.8
Conjurations   | 1 2 3 4 5 |  5.1
Hexes          | 1 2 3 4 5 |  5.1
Summonings     | 1 2 3 4 5 |  5.1
Necromancy     | 1 2 3 4 5 |  5.1
Translocations | 1 2 3 4 5 |  5.1
Transmutations | 1 2 3 4 5 |  5.1
Fire Magic     | 1 2 3 4 5 |  5.1
Ice Magic      | 1 2 3 4 5 |  5.1
Air Magic      | 1 2 3 4 5 |  5.1
Earth Magic    | 1 2 3 4 5 |  5.1
Poison Magic   | 1 2 3 4 5 |  5.1
Stealth        | 8 9 10 | 10.0
Long Blades    | 5 6 7 |  7.8

Action                   |  1- 3 |  4- 6 |  7- 9 | 10-12 || total
-------------------------+-------+-------+-------+-------++-------
Melee: Falchion          |    26 |       |       |       ||    26
       Dagger            |    48 |    93 |   368 |   558 ||  1067
       Bite              |     8 |     4 |    41 |    73 ||   126
       Punch             |       |       |     8 |       ||     8
Throw: Stone             |    13 |    33 |     2 |       ||    48
       Javelin           |     6 |    13 |     5 |       ||    24
       Dart              |     2 |     4 |     2 |       ||     8
       Boomerang         |       |       |     2 |    15 ||    17
 Cast: Mephitic Cloud    |       |       |     3 |       ||     3
Invok: Potion Petition   |       |       |     2 |     1 ||     3
Evoke: Wand              |       |       |       |     4 ||     4
  Use: Scroll            |     1 |    14 |     5 |     6 ||    26
       Potion            |     1 |     3 |     5 |     6 ||    15
 Stab: Sleeping          |    14 |     2 |       |     7 ||    23
       Invisible         |       |       |     5 |     1 ||     6
       Distracted        |       |       |       |     2 ||     2
Armor: Leather armour    |     6 |    38 |   121 |   183 ||   348
       Skin              |       |       |       |    65 ||    65
Dodge: Dodged            |    26 |    60 |   204 |   268 ||   558
Block: Buckler           |       |       |    18 |    99 ||   117

Levels and vault maps discovered:
D:1:      saegor_arrival_simple_b, layout_loops_cross
D:2:      layout_loops_corners, shapermc_ecumenical_altar_mp_ritualfount
D:3:      layout_loops_cross, serial_shops, shop, minmay_quadrilaterals,
          uniq_grinder
D:4:      minmay_diamond_boxcup, layout_loops_ring,
          minmay_temple_entry_overgrown
D:5:      kennysheep_steamy, layout_basic
D:6:      layout_gridville, fedhas_ov_isle_minmay
D:7:      old_forge, layout_cave_pools, nicolae_kikubaaqudgha_miasma_corner,
          uniq_menkaure, uniq_joseph
D:8:      layout_loops_corners, erik_lair_orcish_takeover, serial_ice,
          serial_ice_j, serial_ice_a, serial_ice_d, serial_ice_b,
          guppyfry_shop_venom
D:9:      layout_basic, mainiacjoe_overflow_surrounded_room,
          serial_nicolae_subway, nicolae_sub_station_stone,
          nicolae_sub_station_metal, nicolae_sub_station_crystal, uniq_pikel
D:10:     layout_cave_pools, zombieorc2_lemuel, minmay_misc_feat_more_columns
Temple:   mainiacjoe_temple_bowtie_tessellation

Notes
Turn   | Place    | Note
-------+----------+-------------------------------------------
     0 | D:1      | spaghetti the Gnoll Wanderer began the quest for the Orb.
     0 | D:1      | spaghetti set off with the following items: a +2 falchion
                  | {long}, a +0 hand axe {axe}, a +0 helmet, a scroll of
                  | blinking {!r}, a +0 leather armour.
     0 | D:1      | Reached XP level 1. HP: 17/17 MP: 1/1
     0 | D:1      | magus.rc [v1.9.6]
   118 | D:1      | Reached XP level 2. HP: 23/23 MP: 2/2
   430 | D:1      | You add the spells Conjure Flame, Ignite Poison and Sticky
                  | Flame to your library.
   563 | D:1      | You pick up a book of Minor Magic and begin reading...
   563 | D:1      | You add the spells Magic Dart, Call Imp and Mephitic Cloud
                  | to your library.
   823 | D:1      | Reached XP level 3. HP: 28/28 MP: 3/3
   827 | D:1      | Learned a level 3 spell: Mephitic Cloud
  1391 | D:2      | Found a faded altar of an unknown god.
  1564 | D:3      | Reached skill level 1 in Invocations
  1707 | D:3      | Found Boalem's Antique Armour Boutique.
  1828 | D:2      | Reached skill level 1 in Short Blades
  1828 | D:2      | Reached skill level 1 in Maces & Flails
  1828 | D:2      | Reached skill level 1 in Polearms
  1828 | D:2      | Reached skill level 1 in Staves
  1828 | D:2      | Reached skill level 1 in Slings
  1828 | D:2      | Reached skill level 1 in Bows
  1828 | D:2      | Reached skill level 1 in Crossbows
  1828 | D:2      | Reached skill level 1 in Throwing
  1828 | D:2      | Reached skill level 1 in Shields
  1828 | D:2      | Reached skill level 1 in Unarmed Combat
  1828 | D:2      | Reached skill level 1 in Spellcasting
  1828 | D:2      | Reached skill level 1 in Evocations
  1829 | D:2      | HP: 6/28 [gnoll/+0 whip (3)]
  1837 | D:2      | Reached XP level 4. HP: 24/34 MP: 5/5
  1956 | D:2      | You pick up a book of Displacement and begin reading...
  1956 | D:2      | You add the spells Lesser Beckoning, Gell's Gravitas and
                  | Teleport Other to your library.
  2459 | D:3      | You pick up a book of Debilitation and begin reading...
  2459 | D:3      | You add the spells Slow, Vampiric Draining and Confusing
                  | Touch to your library.
  2530 | D:3      | You pick up a book of Misfortune and begin reading...
  2530 | D:3      | You add the spells Yara's Violent Unravelling and Enfeeble
                  | to your library.
  2658 | D:3      | Noticed Grinder
  2663 | D:3      | Paralysed by Grinder for 4 turns
  2676 | D:3      | HP: 6/34 [Grinder (5)]
  2676 | D:3      | HP: 1/34 [Grinder (5)]
  3048 | D:4      | Noticed a phantom
  3076 | D:4      | HP: 6/34 [phantom (5)]
  3077 | D:4      | HP: 1/34 [phantom (5)]
  3078 | D:4      | Killed a phantom
  3079 | D:4      | Reached skill level 3 in Fighting
  3079 | D:4      | Reached skill level 3 in Axes
  3079 | D:4      | Reached skill level 3 in Armour
  3079 | D:4      | Reached skill level 3 in Dodging
  3079 | D:4      | Reached skill level 1 in Conjurations
  3079 | D:4      | Reached skill level 1 in Hexes
  3079 | D:4      | Reached skill level 1 in Summonings
  3079 | D:4      | Reached skill level 1 in Necromancy
  3079 | D:4      | Reached skill level 1 in Translocations
  3079 | D:4      | Reached skill level 1 in Transmutations
  3079 | D:4      | Reached skill level 1 in Fire Magic
  3079 | D:4      | Reached skill level 1 in Ice Magic
  3079 | D:4      | Reached skill level 1 in Air Magic
  3079 | D:4      | Reached skill level 1 in Earth Magic
  3079 | D:4      | Reached skill level 1 in Poison Magic
  3079 | D:4      | Reached XP level 5. HP: 1/41 MP: 5/7
  3496 | D:4      | Learned a level 3 spell: Ignite Poison
  3527 | D:4      | Reached skill level 8 in Stealth
  3527 | D:4      | Reached skill level 2 in Invocations
  3527 | D:4      | Reached XP level 6. HP: 47/47 MP: 8/8
  3715 | D:4      | Noticed a black bear
  3723 | D:4      | Killed a black bear
  3724 | D:4      | Reached skill level 2 in Short Blades
  3724 | D:4      | Reached skill level 5 in Long Blades
  3724 | D:4      | Reached skill level 2 in Maces & Flails
  3724 | D:4      | Reached skill level 2 in Polearms
  3724 | D:4      | Reached skill level 2 in Staves
  3724 | D:4      | Reached skill level 2 in Slings
  3724 | D:4      | Reached skill level 2 in Bows
  3724 | D:4      | Reached skill level 2 in Crossbows
  3724 | D:4      | Reached skill level 2 in Throwing
  3724 | D:4      | Reached skill level 2 in Shields
  3724 | D:4      | Reached skill level 2 in Unarmed Combat
  3724 | D:4      | Reached skill level 2 in Spellcasting
  3724 | D:4      | Reached skill level 2 in Evocations
  3873 | D:4      | Found a staircase to the Ecumenical Temple.
  3883 | Temple   | Entered the Ecumenical Temple
  4141 | Temple   | Became a worshipper of Gozag Ym Sagoz the Greedy
  4625 | D:4      | Reached XP level 7. HP: 43/52 MP: 10/10
  4811 | D:5      | Entered Level 5 of the Dungeon
  4841 | D:5      | Reached skill level 2 in Conjurations
  4841 | D:5      | Reached skill level 2 in Hexes
  4841 | D:5      | Reached skill level 2 in Summonings
  4841 | D:5      | Reached skill level 2 in Necromancy
  4841 | D:5      | Reached skill level 2 in Translocations
  4841 | D:5      | Reached skill level 2 in Transmutations
  4841 | D:5      | Reached skill level 2 in Fire Magic
  4841 | D:5      | Reached skill level 2 in Ice Magic
  4841 | D:5      | Reached skill level 2 in Air Magic
  4841 | D:5      | Reached skill level 2 in Earth Magic
  4841 | D:5      | Reached skill level 2 in Poison Magic
  4939 | D:5      | You pick up a book of the Wilderness and begin reading...
  4939 | D:5      | You add the spells Summon Forest, Summon Mana Viper and
                  | Summon Cactus Giant to your library.
  4987 | D:5      | Learned a level 4 spell: Sticky Flame
  5099 | D:5      | HP: 4/52 [spore (26)]
  5447 | D:5      | Reached skill level 3 in Invocations
  5690 | D:5      | Reached XP level 8. HP: 44/60 MP: 12/12
  5927 | D:5      | Reached skill level 4 in Fighting
  5927 | D:5      | Reached skill level 3 in Short Blades
  5927 | D:5      | Reached skill level 4 in Axes
  5927 | D:5      | Reached skill level 3 in Maces & Flails
  5927 | D:5      | Reached skill level 3 in Polearms
  5927 | D:5      | Reached skill level 3 in Staves
  5927 | D:5      | Reached skill level 3 in Slings
  5927 | D:5      | Reached skill level 3 in Bows
  5927 | D:5      | Reached skill level 3 in Crossbows
  5927 | D:5      | Reached skill level 3 in Throwing
  5927 | D:5      | Reached skill level 4 in Armour
  5927 | D:5      | Reached skill level 4 in Dodging
  5927 | D:5      | Reached skill level 3 in Shields
  5927 | D:5      | Reached skill level 3 in Unarmed Combat
  5927 | D:5      | Reached skill level 3 in Spellcasting
  5927 | D:5      | Reached skill level 3 in Evocations
  6900 | D:5      | Identified the +2 pair of boots "Xeutoff" {Str+5 Dex-4}
  7322 | D:6      | Reached skill level 6 in Long Blades
  7322 | D:6      | Reached skill level 3 in Conjurations
  7322 | D:6      | Reached skill level 3 in Hexes
  7322 | D:6      | Reached skill level 3 in Summonings
  7322 | D:6      | Reached skill level 3 in Necromancy
  7322 | D:6      | Reached skill level 3 in Translocations
  7322 | D:6      | Reached skill level 3 in Transmutations
  7322 | D:6      | Reached skill level 3 in Fire Magic
  7322 | D:6      | Reached skill level 3 in Ice Magic
  7322 | D:6      | Reached skill level 3 in Air Magic
  7322 | D:6      | Reached skill level 3 in Earth Magic
  7322 | D:6      | Reached skill level 3 in Poison Magic
  7322 | D:6      | Reached skill level 4 in Invocations
  7322 | D:6      | Reached XP level 9. HP: 39/66 MP: 2/14
  7915 | D:6      | Reached skill level 4 in Short Blades
  7915 | D:6      | Reached skill level 4 in Maces & Flails
  7915 | D:6      | Reached skill level 4 in Polearms
  7915 | D:6      | Reached skill level 4 in Staves
  7915 | D:6      | Reached skill level 4 in Slings
  7915 | D:6      | Reached skill level 4 in Bows
  7915 | D:6      | Reached skill level 4 in Crossbows
  7915 | D:6      | Reached skill level 4 in Throwing
  7915 | D:6      | Reached skill level 4 in Shields
  7915 | D:6      | Reached skill level 4 in Unarmed Combat
  7915 | D:6      | Reached skill level 4 in Spellcasting
  7915 | D:6      | Reached skill level 4 in Evocations
  7926 | D:6      | Found a blossoming altar of Fedhas.
  8436 | D:7      | You pick up a book of Touch and begin reading...
  8436 | D:7      | You add the spells Static Discharge and Dispel Undead to
                  | your library.
  8477 | D:7      | HP: 13/67 [orc wizard/puff of flame (9)]
  8478 | D:7      | HP: 6/67 [orc wizard/magic dart (7)]
  8482 | D:7      | Reached skill level 5 in Fighting
  8482 | D:7      | Reached skill level 5 in Axes
  8482 | D:7      | Reached skill level 5 in Armour
  8482 | D:7      | Reached skill level 5 in Dodging
  8508 | D:6      | HP: 14/68 [kobold brigand/+0 short sword (4)]
  8514 | D:6      | Reached skill level 9 in Stealth
  9021 | D:7      | Reached skill level 5 in Invocations
  9052 | D:7      | Noticed Menkaure
  9072 | D:7      | Killed Menkaure
  9223 | D:7      | Identified a scroll of acquirement
  9224 | D:7      | Acquired a staff of fire
  9368 | D:7      | Noticed Joseph
  9382 | D:7      | HP: 17/68 [Joseph/+0 quarterstaff (10)]
  9384 | D:7      | HP: 8/68 [Joseph/+0 quarterstaff (7)]
  9393 | D:7      | HP: 17/68 [Joseph/+0 quarterstaff (6)]
  9395 | D:7      | Killed Joseph
  9396 | D:7      | Reached skill level 4 in Conjurations
  9396 | D:7      | Reached skill level 4 in Hexes
  9396 | D:7      | Reached skill level 4 in Summonings
  9396 | D:7      | Reached skill level 4 in Necromancy
  9396 | D:7      | Reached skill level 4 in Translocations
  9396 | D:7      | Reached skill level 4 in Transmutations
  9396 | D:7      | Reached skill level 4 in Fire Magic
  9396 | D:7      | Reached skill level 4 in Ice Magic
  9396 | D:7      | Reached skill level 4 in Air Magic
  9396 | D:7      | Reached skill level 4 in Earth Magic
  9396 | D:7      | Reached skill level 4 in Poison Magic
  9396 | D:7      | Reached XP level 10. HP: 19/74 MP: 8/17
  9790 | D:6      | Upgraded the game from 0.29-a0-653-gd47aff6735 to
                  | 0.29-a0-664-gff9cad4a3d
  9790 | D:6      | magus.rc [v1.9.6]
 10026 | D:7      | Reached skill level 5 in Short Blades
 10026 | D:7      | Reached skill level 5 in Maces & Flails
 10026 | D:7      | Reached skill level 5 in Polearms
 10026 | D:7      | Reached skill level 5 in Staves
 10026 | D:7      | Reached skill level 5 in Slings
 10026 | D:7      | Reached skill level 5 in Bows
 10026 | D:7      | Reached skill level 5 in Crossbows
 10026 | D:7      | Reached skill level 5 in Throwing
 10026 | D:7      | Reached skill level 5 in Shields
 10026 | D:7      | Reached skill level 5 in Unarmed Combat
 10026 | D:7      | Reached skill level 5 in Spellcasting
 10026 | D:7      | Reached skill level 5 in Evocations
 10171 | D:7      | D - a -3 eveningstar {macerare=g}
 10210 | D:7      | Found an ancient bone altar of Kikubaaqudgha.
 10447 | D:8      | Found a staircase to the Lair.
 10461 | D:8      | Reached skill level 7 in Long Blades
 10764 | D:8      | Upgraded the game from 0.29-a0-664-gff9cad4a3d to
                  | 0.29-a0-668-g12ee2bf84d
 10764 | D:8      | magus.rc [v1.9.6]
 11073 | D:8      | Reached skill level 6 in Fighting
 11073 | D:8      | Reached skill level 6 in Axes
 11073 | D:8      | Reached skill level 6 in Armour
 11073 | D:8      | Reached skill level 6 in Dodging
 11399 | D:8      | You pick up a book of Blasting and begin reading...
 11399 | D:8      | You add the spells Fulminant Prism, Iskenderun's Mystic
                  | Blast and Lee's Rapid Deconstruction to your library.
 11545 | D:8      | You pick up a book of the Dragon and begin reading...
 11545 | D:8      | You add the spells Cause Fear, Dragon Form and Dragon's
                  | Call to your library.
 11650 | D:8      | Reached skill level 6 in Invocations
 12802 | D:8      | Found Plog's Serpentskin Sales.
 12815 | D:8      | Bought Geyl's Almanac of Envenoming for 640 gold pieces
 12815 | D:8      | You add the spells Sting, Olgreb's Toxic Radiance,
                  | Alistair's Intoxication and Eringya's Noxious Bog to your
                  | library.
 12822 | D:8      | Learned a level 4 spell: Iskenderun's Mystic Blast
 13361 | D:9      | Reached XP level 11. HP: 60/83 MP: 14/19
 13619 | D:9      | You fall into a shaft and drop 1 floor!
 13619 | D:10     | Entered Level 10 of the Dungeon
 13621 | D:10     | Identified the +1 leather armour of Dice, Bag, and Bottle
                  | {rElec Stlth+}
 13626 | D:10     | Found a staircase to the Orcish Mines.
 13715 | D:9      | Reached skill level 6 in Short Blades
 13715 | D:9      | Reached skill level 6 in Maces & Flails
 13715 | D:9      | Reached skill level 6 in Polearms
 13715 | D:9      | Reached skill level 6 in Staves
 13715 | D:9      | Reached skill level 6 in Slings
 13715 | D:9      | Reached skill level 6 in Bows
 13715 | D:9      | Reached skill level 6 in Crossbows
 13715 | D:9      | Reached skill level 6 in Throwing
 13715 | D:9      | Reached skill level 6 in Shields
 13715 | D:9      | Reached skill level 6 in Unarmed Combat
 13715 | D:9      | Reached skill level 6 in Spellcasting
 13715 | D:9      | Reached skill level 6 in Evocations
 13934 | D:9      | Found a transporter.
 13935 | D:9      | Found a transporter.
 14157 | D:8      | Upgraded the game from 0.29-a0-668-g12ee2bf84d to
                  | 0.29-a0-676-ga64570c9d2
 14157 | D:8      | magus.rc [v1.9.6]
 14157 | D:8      | magus.rc [v1.9.6]
 14181 | D:9      | Found a transporter.
 14185 | D:9      | Found a transporter.
 14190 | D:9      | Noticed a cyclops
 14192 | D:9      | Noticed Pikel
 14230 | D:9      | Reached skill level 5 in Conjurations
 14230 | D:9      | Reached skill level 5 in Hexes
 14230 | D:9      | Reached skill level 5 in Summonings
 14230 | D:9      | Reached skill level 5 in Necromancy
 14230 | D:9      | Reached skill level 5 in Translocations
 14230 | D:9      | Reached skill level 5 in Transmutations
 14230 | D:9      | Reached skill level 5 in Fire Magic
 14230 | D:9      | Reached skill level 5 in Ice Magic
 14230 | D:9      | Reached skill level 5 in Air Magic
 14230 | D:9      | Reached skill level 5 in Earth Magic
 14230 | D:9      | Reached skill level 5 in Poison Magic
 14278 | D:9      | Reached skill level 10 in Stealth
 14552 | D:9      | Killed Pikel
 14559 | D:9      | HP: 17/83 [something (7)]
 14561 | D:9      | HP: 1/83 [something (16)]
 14564 | D:9      | Found a transporter.
 14567 | D:9      | Found a transporter.
 14987 | D:9      | HP: 18/83 [something (3)]
 15019 | D:9      | Found a shimmering altar of Xom.
 15346 | D:9      | HP: 20/83 [something (3)]
 15350 | D:9      | HP: 7/83 [something (4)]
 15351 | D:9      | Slain by a vampire

Vanquished Creatures
  Pikel (D:9)
  Joseph (D:7)
  A polar bear (D:8)
  3 hornets (D:8)
  14 yaks
  2 steam dragons (D:5)
  Menkaure (D:7)
  3 wargs (D:8)
  3 orc warriors
  4 ice beasts
  2 ogres
  2 sky beasts (D:7)
  3 black bears
  A wolf (D:8)
  A centaur (D:9)
  4 phantoms
  2 kobold brigands
  3 necrophages
  2 gnoll sergeants
  A bullfrog (D:8)
  7 scorpions
  11 wights
  2 howler monkeys (D:8)
  2 jellies
  A hound (D:6)
  2 orc priests (D:9)
  2 gnoll shamans
  An iguana (D:4)
  11 orc wizards
  18 gnolls
  10 adders
  3 shadow imps
  4 white imps
  An ufetubus (D:4)
  A worm (D:4)
  40 orcs
  10 endoplasms
  4 giant cockroaches
  7 goblins
  4 hobgoblins
  11 jackals
  5 ball pythons
  8 bats
  A frilled lizard (D:1)
  A goblin zombie (D:10)
  A hobgoblin zombie (D:10)
  14 kobolds
  An orc zombie (D:10)
  5 rats
242 creatures vanquished.

Vanquished Creatures (others)
  A killer bee simulacrum (D:8)
  An orc (D:5)
  31 fungi
  A plant (D:2)
34 creatures vanquished.

Grand Total: 276 creatures vanquished

Table legend:
 A = Non-vault XP
 B = Vault XP
 C = Vault XP percentage of total XP
 D = Non-vault monster count
 E = Vault monster count
 F = Vault count percentage of total count
                 A         B        C        D         E       F
            +---------+---------+-------+---------+---------+-------
      Total |    8319 |    4108 |  33.1 |     193 |      50 |  20.6
            +---------+---------+-------+---------+---------+-------
        D:1 |      36 |       0 |   0.0 |      23 |       0 |   0.0
        D:2 |      59 |       0 |   0.0 |      12 |       0 |   0.0
        D:3 |      24 |       0 |   0.0 |      14 |       0 |   0.0
        D:4 |     431 |     173 |  28.6 |      16 |      10 |  38.5
        D:5 |     712 |     371 |  34.3 |      26 |       2 |   7.1
        D:6 |    1122 |       0 |   0.0 |      27 |       0 |   0.0
        D:7 |    1518 |    1010 |  40.0 |      26 |      14 |  35.0
        D:8 |    1512 |    1866 |  55.2 |      22 |      20 |  47.6
        D:9 |    2905 |     685 |  19.1 |      27 |       1 |   3.6
       D:10 |       0 |       3 | 100.0 |       0 |       3 | 100.0
            +---------+---------+-------+---------+---------+-------

Illustrated notes

Table legend:
 A = Kills in this place as a percentage of kills in entire the game.
 B = Kills by you in this place as a percentage of kills by you in the entire game.
 C = Kills by friends in this place as a percentage of kills by friends in the entire game.
 D = Other kills in this place as a percentage of other kills in the entire game.
 E = Experience gained in this place as a percentage of experience gained in the entire game.
 F = Experience gained in this place divided by the number of levels of this place that you have seen.
                   A       B       C       D       E      F
               +-------+-------+-------+-------+-------+----------------------
         Total | 100.0 | 100.0 |   N/A | 100.0 | 100.0 | 1129.7
       Dungeon | 100.0 | 100.0 |   N/A | 100.0 | 100.0 | 1242.7
               +-------+-------+-------+-------+-------+----------------------

Table legend: (Time is in decaauts)
 A = Elapsed time spent in this place.
 B = Non-inter-level travel time spent in this place.
 C = Inter-level travel time spent in this place.
 D = Time resting spent in this place.
 E = Time spent auto-exploring this place.
 F = Levels seen in this place.
 G = Mean time per level.
                   A        B        C        D        E       F      G
               +--------+--------+--------+--------+--------+-----+--------+
         Total |  15150 |  14692 |    458 |   2099 |  10199 |  11 | 1377.3 |
       Dungeon |  14866 |  14461 |    405 |   2099 |   9983 |  10 | 1486.6 |
        Temple |    283 |    230 |     53 |      0 |    216 |   1 |  283.0 |
               +--------+--------+--------+--------+--------+-----+--------+

Top non-repeatable levels by time:
     D:8: 3066 daAuts
     D:5: 2275 daAuts
     D:9: 1806 daAuts
     D:6: 1608 daAuts
     D:7: 1553 daAuts
     D:4: 1532 daAuts
     D:2: 1325 daAuts
     D:1: 1039 daAuts
     D:3: 631 daAuts
  Temple: 283 daAuts
    D:10: 28 daAuts
